 Dungeon Crawl Stone Soup version 0.31-a0-174-g85c54bcb58 (webtiles) character file.

Game seed: 566414842420830004

73 qw the Shooter (level 4, 0/28 HPs)
             Began as a Gargoyle Hunter on June 15, 2023.
             Slain by a gnoll
             ... wielding a +0 spear
              (8 damage)
             ... on level 2 of the Dungeon.
             The game lasted 00:00:29 (1129 turns).

qw the Shooter (Gargoyle Hunter)                    Turns: 1129, Time: 00:00:29

Health: 0/28       AC:  7    Str: 14    XL:     4   Next: 27%
Magic:  4/4        EV:  6    Int: 10    God:
Gold:   43         SH:  0    Dex: 15    Spells: 3/3 levels left

rFire   . . .        Y - +1 shortbow
rCold   . . .        (shield currently unavailable)
rNeg    + . .        c - +0 leather armour
rPois   inf          (no helmet)
rElec   +            (no cloak)
rCorr   .            (no gloves)
SInv    .            i - +0 pair of boots
Will    .....        (no amulet)
Stlth   ++           (no ring)
HPRegen 0.24/turn    (no ring)
MPRegen 0.09/turn

%: no passive effects
@: held
A: sickness immunity, AC +3, negative energy resistance 1, electricity
resistance, torment resistance 1, petrification resistance
a: no special abilities


You were on level 2 of the Dungeon.
You visited 1 branch of the dungeon, and saw 2 of its levels.

You collected 43 gold pieces.


Innate Abilities, Weirdness & Mutations

You are immune to sickness and miasma.
Your stone body is resilient. (AC +3)
You are immune to poison.
You resist negative energy. (rN+)
You are resistant to electric shocks. (rElec)
You are resistant to unholy torment.
You are immune to petrification.


   Skills:
 - Level 3.2 Fighting
 + Level 5.2 Ranged Weapons
 - Level 1.5 Dodging
 - Level 1.1 Stealth


You had 3 spell levels left.
You didn't know any spells.
Your spell library was empty.

Inventory:

Hand Weapons
 Y - a +1 shortbow (weapon)
Armour
 c - a +0 leather armour (worn)
 i - a +0 pair of boots (worn)
Jewellery
 a - a +6 ring of intelligence
Potions
 d - a potion of invisibility {unknown}

Dungeon Overview and Level Annotations

Branches:
Dungeon (2/15)

Altars:


Message History

The gnoll completely misses you. The frilled lizard closely misses you.
The gnoll hits you from afar with a +0 spear.
You shoot an arrow.
The arrow closely misses the frilled lizard.
The gnoll hits you from afar with a +0 spear.
The gnoll throws a throwing net.
The throwing net hits you.
You become entangled in the net!
The frilled lizard bites you but does no damage.
The gnoll hits you but does no damage.
You struggle against the net.
The gnoll hits you but does no damage. The frilled lizard bites you.
The gnoll hits you from afar with a +0 spear.
You tear a large gash into the net.
The bat hits you but does no damage. The bat hits you.
The gnoll hits you but does no damage. x2
The frilled lizard closely misses you. The gnoll completely misses you.
You shred the net and break free! The bat closely misses you.
The gnoll hits you from afar with a +0 spear.
The gnoll hits you but does no damage. The frilled lizard closely misses you.
The gnoll hits you from afar with a +0 spear.
You shoot an arrow. The arrow hits the gnoll.
The gnoll is moderately wounded.
The bat hits you but does no damage. The gnoll closely misses you.
The frilled lizard bites you but does no damage.
The gnoll hits you with a +0 club. The gnoll hits you but does no damage.
You shoot an arrow.
The arrow hits the gnoll but does no damage.
The gnoll is moderately wounded.
The bat hits you but does no damage. The gnoll hits you but does no damage.
The frilled lizard barely misses you. The gnoll barely misses you. x2
The gnoll throws a throwing net.
The throwing net hits you.
You become entangled in the net!
The gnoll hits you but does no damage. x2
The frilled lizard bites you but does no damage.
You tear a large gash into the net.
The bat hits you but does no damage.
The gnoll hits you from afar with a +0 spear.
The frilled lizard bites you. The gnoll hits you but does no damage.
The gnoll hits you from afar with a +0 spear!
You die...

..#.....##. .#....... ##
.......... # #........#
#.#.....#..# # ...gg..#..#
####### #..g....# ......#
#..@l..# #####.# ###b..##
#####%##### #...#####
.#........# #........
.#.##.###.######....#### #
.#.##%# #.##...........#.#
....%.###...............#
..........##......)....#
..........######..%.####.#


You could see 3 gnolls, a bat and a frilled lizard.

Vanquished Creatures
  A gnoll (D:2)
  2 adders (D:2)
  2 worms (D:2)
  4 dart slugs (D:1)
  2 ball pythons
  5 bats
  2 endoplasms
  3 hobgoblins
  A quokka (D:1)
  A frilled lizard (D:1)
  7 kobolds (D:1)
  3 rats (D:1)
33 creatures vanquished.

Notes
Turn   | Place    | Note
-------+----------+-------------------------------------------
     0 | D:1      | qw the Gargoyle Hunter began the quest for the Orb.
     0 | D:1      | Reached XP level 1. HP: 12/12 MP: 1/1
     0 | D:1      | 0 ||| qw: Version: 0.2-a-29-g511e9b1
     0 | D:1      | 0 ||| qw: Game counter: 5571
     0 | D:1      | 0 ||| qw: Always use a shield: true
     0 | D:1      | 0 ||| qw: God list: Okawaru
     0 | D:1      | 0 ||| qw: Allow faded altars: false
     0 | D:1      | 0 ||| qw: Do Orc after D:15 true
     0 | D:1      | 0 ||| qw: Do second Lair branch before Depths: true
     0 | D:1      | 0 ||| qw: Lair rune preference: random
     0 | D:1      | 0 ||| qw: Plans: Normal, Zot:1-4, Slime:5, God:TSO, Crypt,
                  | Tomb, Abyss, Pan, Hells, Win
     0 | D:1      | 0 ||| PLANNING D:1-11
    73 | D:1      | Reached XP level 2. HP: 14/17 MP: 2/2
    73 | D:1      | 73 ||| FLEEEEING.
   385 | D:1      | 385 ||| FLEEEEING.
   386 | D:1      | 386 ||| FLEEEEING.
   387 | D:1      | 387 ||| FLEEEEING.
   401 | D:1      | Reached XP level 3. HP: 21/21 MP: 3/3
   451 | D:1      | Reached skill level 5 in Ranged Weapons
   734 | D:1      | 734 ||| UPGRADING to +0 pair of boots.
   739 | D:1      | 739 ||| READING scroll labelled MOSOOPP GOHA.
   740 | D:1      | 740 ||| READING scroll labelled IXEKEO HYFETU.
   741 | D:1      | 741 ||| READING scroll labelled FARAHUPRIA.
   742 | D:1      | 742 ||| READING scroll labelled YTENEXKE DOGEL.
   743 | D:1      | 743 ||| READING scroll labelled MEYH XYNEANLY.
   744 | D:1      | 744 ||| DROPPING scroll of butterflies.
   795 | D:2      | Found a faded altar of an unknown god.
   863 | D:2      | Reached skill level 3 in Fighting
   928 | D:2      | Reached XP level 4. HP: 23/28 MP: 4/4
  1129 | D:2      | Slain by a gnoll

Levels and vault maps discovered:
D:1:      sevenhm_arrival_forest_fort_small_4, layout_loops_ring
D:2:      layout_loops_cross, serial_shops, nicolae_shop_scrapyard,
          shapermc_ecumenical_altar_gd, wad_floor_pattern_untrapped,
          uniq_crazy_yiuf_cottage, uniq_jessica

Skill      XL: |  1  2  3 |
---------------+----------+-----
Ranged Weapons | 5 |  5.2
Fighting       | 3 |  3.2
Dodging        | |  1.5
Stealth        | |  1.1

Action                     |  1- 3 |  4- 6 || total
---------------------------+-------+-------++-------
   Fire: Shortbow          |    92 |    31 ||   123
    Use: Scroll            |     5 |       ||     5
 Armour: Leather armour    |    20 |    21 ||    41
  Dodge: Dodged            |    23 |    20 ||    43

Table legend:
 A = Non-vault XP
 B = Vault XP
 C = Vault XP percentage of total XP
 D = Non-vault monster count
 E = Vault monster count
 F = Vault count percentage of total count
                 A         B        C        D         E       F
            +---------+---------+-------+---------+---------+-------
      Total |     105 |       0 |   0.0 |      33 |       0 |   0.0
            +---------+---------+-------+---------+---------+-------
        D:1 |      44 |       0 |   0.0 |      22 |       0 |   0.0
        D:2 |      61 |       0 |   0.0 |      11 |       0 |   0.0
            +---------+---------+-------+---------+---------+-------
